 Dungeon Crawl Stone Soup version 0.28.0-45-g0d030f2227 (webtiles) character file.

Game seed: 5506769556633775896

2 Diomare the Caller (level 1, -1/9 HPs)
             Began as a Vine Stalker Summoner on Apr 15, 2022.
             Slain by a quokka (2 damage)
             ... on level 3 of the Dungeon.
             The game lasted 00:02:46 (499 turns).

Diomare the Caller (Vine Stalker Summoner)           Turns: 499, Time: 00:02:47

Health: -1/9       AC:  6    Str:  5    XL:     1   Next: 40%
Magic:  0/4        EV:  9    Int: 15    God:
Gold:   13         SH:  0    Dex: 14    Spells: 3/4 levels left

rFire   . . .      SeeInvis .   (no weapon)
rCold   . . .      Faith    .   (no shield)
rNeg    . . .      Spirit   +   b - +1 ring mail "Zogeilur" {rElec rPois Str-5}
rPois   +          Reflect  .   (no helmet)
rElec   +          Harm     .   (no cloak)
rCorr   .          Rampage  .   (no gloves)
Will    .....                   (no boots)
Stlth   +.........              (no amulet)
HPRegen 0.03/turn               (no ring)
MPRegen 0.09/turn               (no ring)

@: no status effects
A: fangs 2, magic shield, antimagic bite, no potion heal 2
a: no special abilities


You were on level 3 of the Dungeon.
You visited 1 branch of the dungeon, and saw 3 of its levels.

You collected 13 gold pieces.

Inventory:

Armour
 a - a +0 robe
 b - the +1 ring mail "Zogeilur" (worn) {rElec rPois Str-5}
   (You found it on level 3 of the Dungeon)

   Str:       It affects your strength (-5).
   rElec:     It insulates you from electricity.
   rPois:     It protects you from poison.


   Skills:
 + Level 1.7 Dodging
 + Level 2.5 Stealth
 + Level 2.1 Spellcasting
 + Level 4.0 Summonings


You had 3 spell levels left.
You knew the following spells:

 Your Spells              Type           Power      Damage    Failure   Level
a - Summon Small Mammal   Summ           52%        N/A       21%         1

Your spell library contained the following spells:

 Spells                   Type           Power      Damage    Failure   Level
 Call Imp                 Summ           13%        N/A       30%         2
 Call Canine Familiar     Summ           13%        N/A       52%         3
 Summon Guardian Golem    Hex/Summ       7%         N/A       80%         3
 Summon Lightning Spire   Summ/Air       7%         N/A       99%         4


Dungeon Overview and Level Annotations

Branches:
Dungeon (3/15)

Altars:


Innate Abilities, Weirdness & Mutations

You have extremely sharp teeth.
When hurt, damage is shared between your health and your magic reserves.
Your bite disrupts and absorbs the magic of your enemies.
Potions cannot restore your health.


Message History

You now have 7 gold pieces.
Found a faintly humming ring mail.
Found a ring mail.
You see here the +1 ring mail "Zogeilur" {rElec rPois Str-5}.
b - the +1 ring mail "Zogeilur" {rElec rPois Str-5} You start removing your armour.
You continue taking off your +0 robe. x4
You finish taking off your +0 robe.
You start putting on your armour.
You continue putting on the +1 ring mail "Zogeilur" {rElec rPois Str-5}. x5
You finish putting on the +1 ring mail "Zogeilur" {rElec rPois Str-5}.
You feel weaker.
You see here a +0 ring mail.
Unknown command.
Unknown command.
You see here a +0 ring mail.
A frilled lizard comes into view.
The frilled lizard hisses angrily.
The frilled lizard barely misses you.
The frilled lizard bites you but does no damage.
You barely miss the frilled lizard. The frilled lizard bites you.
You closely miss the frilled lizard. You bite the frilled lizard.
You kill the frilled lizard!
You see here a frilled lizard corpse.
You start resting.
HP restored.
Found 6 gold pieces.
You now have 13 gold pieces (gained 6).
A scorpion comes into view.
Found a white potion.
Found an amethyst potion.
The scorpion stings you. The scorpion stings you!
* * * LOW HITPOINT WARNING * * *
The scorpion closely misses you. The scorpion closely misses you.
Found a stone staircase leading down.
The scorpion barely misses you.
A quokka comes into view.
You closely miss the quokka. The scorpion stings you. The quokka bites you.
You die...

###...###...#.###.#..
.................... #
#.................. #.
#..###............
#..###..........###.#.#
....................#.#
.......................
#..###.s#.#..#..#...#..
#.....@................
......r..#.#.....#...#..
###.#.#.##.#..#..#......
# #..............
............##.
.#.#.......... ........
... .. .......


You could see a scorpion and a quokka.

Vanquished Creatures
  An endoplasm (D:1)
  A frilled lizard (D:3)
  A rat (D:1)
3 creatures vanquished.

Notes
Turn   | Place    | Note
-------+----------+-------------------------------------------
     0 | D:1      | Diomare the Vine Stalker Summoner began the quest for the
                  | Orb.
     0 | D:1      | Reached XP level 1. HP: 9/9 MP: 4/4
   388 | D:3      | Identified the +1 ring mail "Zogeilur" {rElec rPois Str-5}
   447 | D:3      | Noticed a scorpion
   499 | D:3      | Slain by a quokka

Illustrated notes

Levels and vault maps discovered:
D:1:      onia_arrival_handbag, layout_basic, chequers_ecumenical_altar_island,
          serial_park_tiny_2, minmay_misc_feat_iff, minmay_misc_feat_cross
D:2:      cheibrodos_pilgrimage, layout_basic
D:3:      layout_basic, serial_curves, eino_curves_02, eino_curves_01

Action                   || total
-------------------------++-------
Melee: Unarmed           ||    13
       Bite              ||     3
Armor: Robe              ||    12
       Ring mail         ||     1
Dodge: Dodged            ||    25
